 Dungeon Crawl Stone Soup version 0.21-a0-472-g223bcb9 (webtiles) character file.

28 zxpr0jk the Ducker (level 3, -6/24 HPs)
             Began as a Halfling Gladiator on Nov 21, 2017.
             Killed from afar by a white imp (10 damage)
             ... with a puff of frost
             ... summoned by Natasha
             ... on level 2 of the Dungeon.
             The game lasted 00:01:38 (665 turns).

zxpr0jk the Ducker (Halfling Gladiator)              Turns: 665, Time: 00:01:39

Health: -6/24      AC:  5    Str: 16    XL:     3   Next: 27%
Magic:  3/3        EV: 16    Int:  6    God:
Gold:   73         SH:  0    Dex: 15    Spells: 2/2 levels left

rFire    . . .     SeeInvis .   a - +0 long sword
rCold    . . .     Gourm    .   (shield restricted)
rNeg     . . .     Faith    .   b - +0 leather armour
rPois    .         Spirit   .   c - +0 helmet
rElec    .         Reflect  .   (no cloak)
rCorr    .         Harm     .   (no gloves)
MR       .....                  e - +0 pair of boots
Stlth    +.........             (no amulet)
HPRegen  0.08/turn              (no ring)
MPRegen  0.08/turn              (no ring)

@: slowed, very slow
A: mutation resistance 1
a: no special abilities


You were on level 2 of the Dungeon.
You were not hungry.

You visited 1 branch of the dungeon, and saw 2 of its levels.

You collected 73 gold pieces.

Inventory:

Hand Weapons
 a - a +0 long sword (weapon)
Missiles
 d - 3 throwing nets (quivered)
Armour
 b - a +0 leather armour (worn)
 c - a +0 helmet (worn)
 e - a +0 pair of boots (worn)
Jewellery
 r - an uncursed ring of protection from magic {unknown}
Scrolls
 h - a scroll of fog {unknown}
 j - a scroll of remove curse {unknown}
 m - a scroll of teleportation {unknown}
 n - a scroll of amnesia {unknown}
 o - a scroll of identify {unknown}
 q - a scroll of blinking {unknown}
Potions
 i - 2 potions of berserk rage {unknown}
 k - a potion of ambrosia {unknown}
 l - a potion of agility {unknown}
 p - a potion of might {unknown}
Comestibles
 f - 2 bread rations
 g - a meat ration


   Skills:
 + Level 2.1 Fighting
 * Level 3.5 Long Blades
 - Level 2.0 Throwing
 * Level 3.8 Dodging


You had 2 spell levels left.
You didn't know any spells.

Dungeon Overview and Level Annotations

Branches:
Dungeon (2/15)

Altars:

Annotations:
D:2 Natasha


Innate Abilities, Weirdness & Mutations

You are small and have problems with some larger weapons.
You are somewhat resistant to further mutation.


Message History

Natasha stares at you and mumbles some strange words.
You feel yourself slow down.
Natasha is nearby!
Natasha mumbles some strange words.
You hit the white imp but do no damage. The white imp gestures at you.
The puff of frost misses you. The white imp gestures at you.
The puff of frost hits you!
You are too injured to fight recklessly!
You are too injured to fight recklessly!
You are too injured to fight recklessly!
Unknown command.
Natasha barely misses you.
You riposte.
You closely miss Natasha. Natasha claws you!
* * * LOW HITPOINT WARNING * * *
The white imp shouts, "Scamper away, thou clouted saucy noshlet!"
The white imp gestures at you. The puff of frost hits you!
You die...

..<........<...
###.......####.
#.###...# #.#
#.#.# #.# #.#.#
#.# #.#.# #+#
#.###.#.# #.#
#.......#
#####.####
#####.###
#...@..5.# #.#
#.##.#h#.# #.#
#.#.###..# #.#
#..## ##......#
#.######.##
#.#####
#.........# ##
########...#
####.# #.#


You could see Natasha and a white imp.

Vanquished Creatures
  A giant cockroach (D:1)
  5 hobgoblins
  6 jackals (D:1)
  2 kobolds (D:1)
  4 bats (D:1)
  3 frilled lizards (D:1)
  A goblin (D:1)
  3 rats
25 creatures vanquished.

Notes
Turn   | Place    | Note
-------+----------+-------------------------------------------
     0 | D:1      | zxpr0jk the Halfling Gladiator began the quest for the Orb.
     0 | D:1      | Reached XP level 1. HP: 14/14 MP: 1/1
    65 | D:1      | Reached XP level 2. HP: 17/19 MP: 2/2
   342 | D:1      | Reached XP level 3. HP: 18/24 MP: 3/3
   660 | D:2      | Noticed Natasha
   665 | D:2      | Killed from afar by a white imp

Vault maps used:
D:1:      dpeg_arrival_rooms_with_view
D:2:      first_bread, yredelemnul_altar_generic, uniq_natasha

Skill      XL: |  1  2 |
---------------+-------+-----
Fighting       | 2 |  2.1
Long Blades    | |  3.5
Throwing       | |  2.0
Dodging        | |  3.8

Action                   || total
-------------------------++-------
Melee: Long sword        ||    55
 Stab: Sleeping          ||     1
Armor: Leather armour    ||     9
Dodge: Dodged            ||    54
       Rpst.: Long sword ||    25

Table legend:
 A = Spawn XP
 B = Non-spawn XP
 C = Spawn XP percentage of total XP
 D = Spawn monster count
 E = Non-spawn monster count
 F = Spawn count percentage of total count
 G = Total turns spent on level
                    A         B        C        D         E        F      G
               +---------+---------+-------+---------+---------+-------+---------
         Total |       0 |      40 |   0.0 |       0 |      25 |   0.0 |   665
               +---------+---------+-------+---------+---------+-------+---------
           D:1 |       0 |      37 |   0.0 |       0 |      23 |   0.0 |   572
           D:2 |       0 |       3 |   0.0 |       0 |       2 |   0.0 |    93
               +---------+---------+-------+---------+---------+-------+---------
